 Dungeon Crawl Stone Soup version 0.32-a0-576-g706899e69d (webtiles) character file.

Game seed: 8309521010691093213

23561 Newt the Crack Shot (level 13, 0/80 HPs)
             Began as a Kobold Hunter on Mar 1, 2024.
             Was an Elder of Hepliaklqana.
             Slain by a two-headed ogre
             ... wielding a +0 giant club
              (23 damage)
             ... on level 15 of the Dungeon.
             The game lasted 00:13:53 (12403 turns).

Newt the Crack Shot (Kobold Hunter)                Turns: 12403, Time: 00:13:53

Health: 0/80       AC:  5    Str:  9    XL:     13   Next: 36%
Magic:  0/13       EV: 15    Int: 16    God:    Hepliaklqana [****..]
Gold:   815        SH:  0    Dex: 29    Spells: 12/12 levels left

rFire   . . .        D - +2 arbalest (drain)
rCold   . . .        (shield currently unavailable)
rNeg    . . .        P - +0 troll leather armour
rPois   .            m - +0 helmet
rElec   .            (no cloak)
rCorr   .            y - +0 pair of gloves
SInv    .            (no boots)
Will    .....        I - amulet of guardian spirit
Stlth   +++          F - +6 ring of intelligence
HPRegen 1.13/turn    W - +6 ring of dexterity
MPRegen 0.13/turn

%: guardian spirit
@: no status effects
A: reduced essence, small, no large weapons, nightstalker 3
a: Renounce Religion, Recall Ancestor, Ancestor Identity, Transference, Idealise


You were on level 15 of the Dungeon.
You worshipped Hepliaklqana.
Hepliaklqana was greatly pleased with you.
You visited 2 branches of the dungeon, and saw 16 of its levels.
You also visited: Bailey.

You collected 815 gold pieces.

Inventory:

Hand Weapons
 a - a +0 heavy shortbow
 D - a +2 arbalest of draining (weapon)
Missiles
 b - 4 throwing nets
Armour
 c - a +0 leather armour
 m - a +0 helmet (worn)
 p - the +3 robe of Yxtoafeu {rPois rC+ MP-9 Archmagi}
   (You found it on level 2 of the Dungeon)

   rC+:       It protects you from cold.
   rPois:     It protects you from poison.
   MP-9:      It affects your magic capacity (-9).
   Archmagi:  It increases the power of your magical spells.
 y - a +0 pair of gloves (worn)
 C - the +1 helmet of the Postmodern Deaths {*Corrode rPois rC- SInv}
   (You found it on level 6 of the Dungeon)

   rC-:       It makes you vulnerable to cold.
   rPois:     It protects you from poison.
   SInv:      It lets you see invisible.
   *Corrode:  It may corrode you when you take damage.
 G - the +2 kite shield of Misanthropy {rF- MP+9 Str+7}
   (You found it on level 7 of the Dungeon)

   Str+7:     It affects your strength (+7).
   rF-:       It makes you vulnerable to fire.
   MP+9:      It affects your magic capacity (+9).
 H - the +4 robe of Folly {Brill Will-∞ Int+8}
   (You found it on level 7 of the Dungeon)

   Brill:     It increases the power of your magical spells and halves their MP
   cost (rounding up).
   Will-∞: It reduces your willpower to zero.
   Int+8:     It affects your intelligence (+8).
 M - quicksilver dragon scales
 P - a +0 troll leather armour (worn)
Jewellery
 s - a ring of ice
 F - a +6 ring of intelligence (left hand)
 I - an amulet of guardian spirit (around neck)
 S - a ring of poison resistance
 W - a +6 ring of dexterity (right hand)
Wands
 w - a wand of digging (6)
 B - a wand of flame (11)
 E - a wand of iceblast (9)
 Q - a wand of paralysis (10)
Scrolls
 d - 2 scrolls of blinking
 e - 7 scrolls of teleportation
 i - a scroll of torment
 j - 2 scrolls of silence
 o - 3 scrolls of summoning
 t - 3 scrolls of fear
 u - 2 scrolls of immolation
 x - 2 scrolls of noise
 z - a scroll of brand weapon
 J - 3 scrolls of fog
 N - a scroll of identify
 O - a scroll of revelation
 R - a scroll of amnesia
 T - 2 scrolls of poison
 V - a scroll of enchant armour
Potions
 f - 3 potions of attraction
 g - 2 potions of haste
 h - 3 potions of degeneration
 k - 2 potions of heal wounds
 l - 6 potions of might
 n - 2 potions of enlightenment
 q - 2 potions of resistance
 r - a potion of ambrosia
 v - 4 potions of curing
 A - 3 potions of brilliance
 K - 3 potions of mutation
 L - a potion of magic
 U - a potion of lignification {unknown}


   Skills:
 + Level 13.9 Fighting
 * Level 22.3 Ranged Weapons
 - Level 2.4 Dodging
 - Level 1.3 Stealth


You had 12 spell levels left.
You didn't know any spells.
Your spell library contained the following spells:

 Spells                   Type           Power      Damage    Failure   Level
 Apportation              Tloc           0%         N/A       34%         1
 Sandblast                Erth           0%         2d4       34%         1
 Slow                     Hex            0%         N/A       34%         1
 Jinxbite                 Hex            0%         N/A       47%         2
 Dazzling Flash           Conj/Hex       0%         N/A       71%         3
 Hailstorm                Conj/Ice       0%         3d5       71%         3
 Passwall                 Erth           0%         N/A       71%         3
 Sigil of Binding         Hex            0%         N/A       71%         3
 Stone Arrow              Conj/Erth      0%         3d7       71%         3
 Tukima's Dance           Hex            0%         N/A       71%         3
 Volatile Blastmotes      Fire/Tloc      0%         2d10      71%         3
 Anguish                  Hex/Necr       0%         N/A       98%         4
 Animate Armour           Summ/Erth      0%         N/A       98%         4
 Brom's Barrelling Bould  Conj/Erth      0%         2d3       98%         4
 Alistair's Intoxication  Alch           0%         N/A       100%        5
 Summon Forest            Summ/Tloc      0%         N/A       100%        5
 Eringya's Noxious Bog    Alch           0%         4d6       100%        6
 Starburst                Conj/Fire      0%         6d3       100%        6
 Summon Hydra             Summ           0%         N/A       100%        7
 Lehudib's Crystal Spear  Conj/Erth      0%         10d2      100%        8
 Maxwell's Capacitive Co  Air            0%         ∞         100%        8


Dungeon Overview and Level Annotations

Branches:
Dungeon (15/15)            Temple (1/1) D:6            Lair (0/5) D:8
    Orc (0/2) D:10         Bailey (visited)
 Vaults: D:13-14     Depths: D:15

Altars:
Ashenzari
Cheibriados
Dithmenos
Elyvilon
Fedhas
Gozag
Hepliaklqana
Kikubaaqudgha
Makhleb
Nemelex Xobeh
Okawaru
Qazlal
Ru
Sif Muna
Trog
Uskayaw
Vehumet
Wu Jian
Xom
Yredelemnul
Zin
The Shining One

Annotations:
D:2 1 runed translucent door, Crazy Yiuf
D:4 1 runed translucent door


Innate Abilities, Weirdness & Mutations

Your life essence is reduced to manifest your ancestor. (-10% HP)
You are small and have problems with some larger weapons.
You are completely attuned to the shadows.


Message History

The bolt completely misses the two-headed ogre.
The bolt barely misses the ogre mage.
The two-headed ogre closely misses you. The two-headed ogre barely misses you.
The ogre mage casts a spell.
The ogre mage flickers and vanishes!
Deactivating autopickup; reactivate with Ctrl-A.
Seunipn blocks the two-headed ogre's attack. x2
Seunipn hits the two-headed ogre with a +0 flail!
Unknown command.
Fire: D) +2 arbalest (drain)
Press: ? - help, Shift-Dir - straight line, f - two-headed ogre
Aim: a two-headed ogre, wielding a +0 dire flail and a +0 giant club (heavily wounded, fast, lightly drained, 85% to hit)
You shoot a bolt. The bolt hits the two-headed ogre!!
You kill the two-headed ogre!
The two-headed ogre hits Seunipn with a +0 giant club!!
Seunipn is destroyed!
You feel much better. Something hits you!
* * * LOW HITPOINT WARNING * * *
Unknown command.
You shoot a bolt. The two-headed ogre shouts in stereo!
Something hits you.
* * * LOW HITPOINT WARNING * * *
Unknown command.
Unknown command.
You shoot a bolt.
Reactivating autopickup.
You feel a bit more experienced.
Unknown command.
Unknown command.
You shoot a bolt. The bolt hits the two-headed ogre!
The two-headed ogre is severely wounded.
The two-headed ogre closely misses you. The two-headed ogre misses you.
Unknown command.
Unknown command.
You shoot a bolt. The bolt hits the two-headed ogre.
The two-headed ogre is almost dead.
The two-headed ogre hits you with a +0 giant club!!
You die...
Hepliaklqana delivers you to your ancestors.

######### #.......#
#.......# #.......#
+.......# ###
#.......# #.####
#####@......#####.....
....)O................
......................
.../)............#....
.................#....
.................#....
.)...............#####


You could see a two-headed ogre (drained).

Vanquished Creatures
  Kirke (D:14)
  7 two-headed ogres
  An ogre mage (D:15)
  4 boulder beetles
  2 deep elf pyromancers (D:12)
  2 cyclopes (D:14)
  An ugly thing (D:12)
  A manticore (D:12)
  2 efreet (D:14)
  An ice devil (D:9)
  5 yaktaurs (D:14)
  A hornet (D:7)
  3 trolls
  A slime creature (D:13)
  Sigmund (D:3)
  6 yaks
  5 spriggans (Bailey)
  2 vampires
  A wyvern (D:9)
  A basilisk (D:12)
  4 hogs (D:14)
  A steam dragon (Bailey)
  3 vampire mosquitoes
  3 acid dragons
  Duvessa (D:6)
  6 water moccasins
  A sky beast (D:7)
  An ice beast (D:5)
  3 orc warriors (D:9)
  2 black bears
  3 ogres
  4 centaurs
  A phantom (D:5)
  4 bullfrogs (D:8)
  4 kobold brigands
  2 gnoll sergeants
  5 scorpions
  3 wights (D:7)
  Dowan (D:6)
  6 killer bees (D:8)
  A howler monkey (D:10)
  2 bombardier beetles
  2 lava snakes (D:8)
  4 orc priests
  A jelly (D:6)
  A gnoll bouda (D:5)
  2 hounds
  2 iguanas
  Terence (D:2)
  9 orc wizards
  Robin (D:3)
  13 gnolls
  9 adders
  A shadow imp (D:7)
  2 white imps (D:9)
  2 ufetubi (D:6)
  2 dart slugs
  2 ribbon worms (D:2)
  34 orcs
  7 bats
  8 endoplasms
  2 giant cockroaches
  17 goblins
  9 hobgoblins
  17 kobolds
  7 quokkas
  7 ball pythons
  2 frilled lizards
  5 rats
278 creatures vanquished.

Vanquished Creatures (collateral kills)
  A two-headed ogre (D:10)
  A freezing wraith (D:9)
  2 yaks
  4 vampire mosquitoes
  An acid dragon (D:13)
  A black bear (D:8)
  2 ogres (Bailey)
  An orc priest (D:9)
  A sleepcap (D:7)
  An orc wizard (D:12)
  3 white imps (D:9)
  An orc (D:7)
  A kobold (D:7)
20 creatures vanquished.

Vanquished Creatures (others)
  A human (D:14)
  3 knights
  An orc wizard (D:14)
  3 ancestors
  2 orcs (D:14)
10 creatures vanquished.

Grand Total: 308 creatures vanquished

Notes
Turn   | Place    | Note
-------+----------+-------------------------------------------
     0 | D:1      | Newt the Kobold Hunter began the quest for the Orb.
     0 | D:1      | Reached XP level 1. HP: 12/12 MP: 1/1
    39 | D:1      | Reached XP level 2. HP: 12/18 MP: 2/2
   371 | D:1      | Found a faded altar of an unknown god.
   395 | D:1      | Reached skill level 6 in Ranged Weapons
   473 | D:1      | Reached XP level 3. HP: 22/22 MP: 3/3
   778 | D:2      | Noticed Terence
   784 | D:2      | Killed Terence
   785 | D:2      | Reached XP level 4. HP: 17/28 MP: 4/4
  1222 | D:2      | Identified the +3 robe of Yxtoafeu {rPois rC+ MP-9
                  | Archmagi}
  1371 | D:2      | Found a runed translucent door.
  1374 | D:2      | Noticed Crazy Yiuf
  1481 | D:2      | Reached skill level 7 in Ranged Weapons
  1760 | D:3      | Noticed Sigmund
  1774 | D:3      | Killed Sigmund
  1775 | D:3      | Reached skill level 8 in Ranged Weapons
  1775 | D:3      | Reached XP level 5. HP: 33/33 MP: 0/5
  1775 | D:3      | Reached XP level 6. HP: 38/38 MP: 0/6
  1945 | D:3      | Noticed Robin
  1965 | D:3      | Killed Robin
  2574 | D:4      | Found a runed translucent door.
  2772 | D:4      | Reached skill level 9 in Ranged Weapons
  2772 | D:4      | Reached XP level 7. HP: 38/44 MP: 0/7
  3415 | D:4      | Found an opulent altar of Gozag.
  3440 | D:4      | Reached skill level 5 in Fighting
  3703 | D:5      | Entered Level 5 of the Dungeon
  3711 | D:5      | Got the Anthology of Bleak Charms
  3921 | D:5      | Found a radiant altar of Vehumet.
  3922 | D:5      | Found a white marble altar of Elyvilon.
  3934 | D:5      | Found a stormy altar of Qazlal.
  3944 | D:5      | Reached skill level 10 in Ranged Weapons
  3959 | D:5      | Reached XP level 8. HP: 29/51 MP: 0/8
  4620 | D:6      | Noticed Duvessa
  4620 | D:6      | Noticed Dowan
  4627 | D:6      | Killed Duvessa
  4628 | D:6      | Reached skill level 11 in Ranged Weapons
  4633 | D:6      | Killed Dowan
  4744 | D:6      | Found a staircase to the Ecumenical Temple.
  4762 | D:6      | Identified the +1 helmet of the Postmodern Deaths {*Corrode
                  | rPois rC- SInv}
  4791 | Temple   | Entered the Ecumenical Temple
  4800 | Temple   | Became a worshipper of Hepliaklqana the Forgotten
  5254 | D:6      | Reached skill level 12 in Ranged Weapons
  5485 | D:7      | Reached XP level 9. HP: 54/56 MP: 0/9
  5486 | D:7      | Noticed a hornet
  5490 | D:7      | Killed a hornet
  5633 | D:7      | Identified the +2 kite shield of Misanthropy {rF- MP+9
                  | Str+7}
  5657 | D:7      | Found the +4 robe of Folly {Brill Will-∞ Int+8}
  5765 | D:7      | Reached * piety under Hepliaklqana
  5820 | D:7      | Reached skill level 13 in Ranged Weapons
  6441 | D:7      | Reached skill level 14 in Ranged Weapons
  6913 | D:8      | Identified a scroll of acquirement
  6914 | D:8      | Acquired a +2 arbalest of draining
  7054 | D:8      | Reached XP level 10. HP: 48/58 MP: 1/10
  7132 | D:8      | Reached skill level 15 in Ranged Weapons
  7161 | D:8      | Found a staircase to the Lair.
  7260 | D:8      | Reached skill level 16 in Ranged Weapons
  7626 | D:9      | Reached ** piety under Hepliaklqana
  7629 | D:9      | Remembered your ancestor Seunipn as a knight
  7634 | D:9      | Found a flagged portal.
  7644 | Bailey   | Entered a bailey
  7704 | Bailey   | Reached skill level 10 in Fighting
  7774 | Bailey   | Reached XP level 11. HP: 64/64 MP: 2/11
  7779 | Bailey   | Reached skill level 17 in Ranged Weapons
  7812 | Bailey   | Noticed a two-headed ogre
  7816 | Bailey   | Killed a two-headed ogre
  8250 | D:9      | Reached skill level 18 in Ranged Weapons
  8718 | D:9      | Found the +8 frozen axe "Frostbite" {freeze, freezing
                  | cloud, *Noise Fly rC+}
  8878 | D:10     | Entered Level 10 of the Dungeon
  8953 | D:10     | Noticed a two-headed ogre
  8957 | D:10     | Killed a two-headed ogre
  9122 | D:10     | Found a staircase to the Orcish Mines.
  9328 | D:10     | Noticed a two-headed ogre
  9333 | D:10     | Killed a two-headed ogre
  9501 | D:10     | Noticed a two-headed ogre
  9505 | D:10     | Killed a two-headed ogre
  9506 | D:10     | Reached skill level 19 in Ranged Weapons
  9628 | D:11     | Noticed a two-headed ogre
  9631 | D:11     | Killed a two-headed ogre
  9632 | D:11     | Reached XP level 12. HP: 72/72 MP: 3/12
  9715 | D:11     | Reached *** piety under Hepliaklqana
  9728 | D:11     | Noticed a boulder beetle
  9749 | D:11     | Killed a boulder beetle
 10222 | D:11     | Noticed a boulder beetle
 10226 | D:11     | Killed a boulder beetle
 10227 | D:11     | Reached skill level 20 in Ranged Weapons
 10966 | D:12     | Noticed a boulder beetle
 10974 | D:12     | Killed a boulder beetle
 11024 | D:12     | Reached **** piety under Hepliaklqana
 11202 | D:12     | You fall into a shaft and drop 2 floors!
 11232 | D:14     | Reached skill level 21 in Ranged Weapons
 11569 | D:14     | Noticed a boulder beetle
 11582 | D:14     | Killed a boulder beetle
 11583 | D:14     | Reached XP level 13. HP: 54/79 MP: 8/13
 11590 | D:14     | Noticed Kirke
 11599 | D:14     | Killed Kirke
 12223 | D:13     | Noticed a vault guard
 12224 | D:13     | Noticed a vault guard
 12224 | D:13     | Noticed a vault guard
 12226 | D:13     | Noticed a vault guard
 12227 | D:13     | Noticed a centaur warrior
 12346 | D:15     | Entered Level 15 of the Dungeon
 12389 | D:15     | Noticed an ogre mage
 12391 | D:15     | Reached skill level 22 in Ranged Weapons
 12401 | D:15     | Killed an ogre mage
 12403 | D:15     | Slain by a two-headed ogre

Illustrated notes

Levels and vault maps discovered:
D:1:      minmay_arrival_arboretum_small, layout_basic,
          hellmonk_ecumenical_altar_inner_sanctum, serial_bayou_lake_a
D:2:      layout_basic, minmay_bisected, uniq_crazy_yiuf_cottage, uniq_terence
D:3:      layout_loops_ring, nicolae_twisty_statue_hallways, uniq_robin,
          uniq_sigmund
D:4:      layout_loops_corners, grunt_gozag_breadcrumbs,
          ebering_ghost_reflecting_pool
D:5:      layout_cave_pools, chequers_temple_overflow_statue_of_worship,
          nicolae_overflow_crystal_walls
D:6:      layout_rooms, minmay_temple_entry_mist, minmay_liquid_box,
          water_maze_lemuel, uniq_duvessa
D:7:      mumra_celtic_spiral_tile, layout_basic, reono_crystal_passage,
          kennysheep_generic_room_3
D:8:      layout_rooms, due_lair_maze_entry_diamond, kennysheep_path_1
D:9:      layout_basic, enter_bailey_5, minmay_door_square,
          hellmonk_guarded_unrand_frostbite
D:10:     layout_rooms, orc_0_dummy
D:11:     layout_gridville, item_on_display_a
D:12:     layout_stronghold, grunt_ministairs_1, minmay_shop_mayhem
D:13:     layout_gridville, lightli_vaults_fourway_checkpoint
D:14:     layout_loops_ring, uniq_kirke
D:15:     hellmonk_depths_entry_around_the_bend, layout_gridville,
          okawaru_gym_becter, serial_shops, shop, nicolae_uskayaw_suspiria,
          uniq_rupert
Temple:   mainiacjoe_temple_coin_purse

Skill      XL: |  1  2  3  4  5  6  7  8  9 10 11 12 13 |
---------------+----------------------------------------+-----
Ranged Weapons | 6 8 9 10 12 14 16 19 21 22 | 22.3
Fighting       | 3 4 5 6 8 10 11 13 | 13.9
Dodging        | |  2.4
Stealth        | |  1.3

Action                     |  1- 3 |  4- 6 |  7- 9 | 10-12 | 13-15 || total
---------------------------+-------+-------+-------+-------+-------++-------
  Melee: Shortbow          |       |     1 |       |       |       ||     1
   Fire: Shortbow          |    65 |   148 |   208 |       |       ||   421
         Arbalest          |       |       |    11 |   316 |    54 ||   381
  Throw: Throwing net      |       |       |     1 |       |       ||     1
 Invoke: Ancestor Life: Kn |       |       |       |     1 |       ||     1
         Recall Ancestor   |       |       |       |     1 |     1 ||     2
  Evoke: Wand              |       |       |       |     1 |       ||     1
    Use: Scroll            |       |     5 |     8 |     6 |     7 ||    26
         Potion            |       |       |     2 |     5 |     1 ||     8
 Armour: Leather armour    |    21 |    11 |       |       |       ||    32
         Robe              |       |    42 |    61 |    41 |       ||   144
         Troll leather arm |       |       |       |    42 |    15 ||    57
  Dodge: Dodged            |    29 |    74 |    88 |   104 |    15 ||   310

Table legend: (Time is in decaauts)
 A = Elapsed time spent in this place.
 B = Non-inter-level travel time spent in this place.
 C = Inter-level travel time spent in this place.
 D = Time resting spent in this place.
 E = Time spent auto-exploring this place.
 F = Levels seen in this place.
 G = Mean time per level.
                   A        B        C        D        E       F      G
               +--------+--------+--------+--------+--------+-----+--------+
         Total |  12570 |  12049 |    521 |   1281 |   9140 |  17 |  739.4 |
       Dungeon |  12251 |  11747 |    504 |   1281 |   8930 |  15 |  816.7 |
        Temple |     18 |      1 |     17 |      0 |      0 |   1 |   18.0 |
        Bailey |    299 |    299 |      0 |      0 |    210 |   1 |  299.0 |
               +--------+--------+--------+--------+--------+-----+--------+

Top non-repeatable levels by time:
     D:7: 1439 daAuts
    D:11: 1170 daAuts
     D:4: 1161 daAuts
    D:14: 1113 daAuts
     D:6: 1104 daAuts
     D:9: 1039 daAuts
     D:2: 966 daAuts
     D:3: 859 daAuts
     D:1: 809 daAuts
    D:10: 694 daAuts
     D:5: 686 daAuts
     D:8: 655 daAuts
    D:12: 460 daAuts
  Bailey: 299 daAuts
    D:15: 57 daAuts
